 Dungeon Crawl Stone Soup version 0.28-a0-1080-g05a166d0ed (webtiles) character file.

Game seed: 17973294167496188495

44 ytrimaz the Insei (level 3, 0/23 HPs)
             Began as an Octopode Transmuter on Dec 9, 2021.
             Was an Initiate of Yredelemnul.
             Slain by Terence (4 damage)
             ... on level 2 of the Dungeon.
             The game lasted 00:01:56 (2131 turns).

ytrimaz the Insei (Octopode Transmuter)             Turns: 2131, Time: 00:01:56

Health: 0/23       AC:  1    Str:  9    XL:     3   Next: 60%
Magic:  1/6        EV: 13    Int: 17    God:    Yredelemnul [......]
Gold:   53         SH:  0    Dex: 12    Spells: 0/6 levels left

rFire   . . .      SeeInvis .     - Unarmed
rCold   . . .      Faith    .   (no shield)
rNeg    . . .      Spirit   .   (helmet currently unavailable)
rPois   .          Reflect  .   (no amulet)
rElec   .          Harm     .   (no ring)
rCorr   .          Rampage  .   (no ring)
Will    .....                   (no ring)
Stlth   ++........              (no ring)
HPRegen 0.07/turn               (no ring)
MPRegen 0.10/turn               (no ring)
                                (no ring)
                                (no ring)

@: mighty, appendages (expiring), wereblooded, very slightly contaminated
A: tentacle spike 3, almost no armour, amphibious, 8 rings, camouflage 1,
gelatinous body 1, (nimble swimmer 1), tentacles
a: End Transformation, Renounce Religion, Recall Undead Harvest


You were on level 2 of the Dungeon.
You worshipped Yredelemnul.
Yredelemnul was noncommittal.
One of your tentacles had grown a beastly spike.
You visited 1 branch of the dungeon, and saw 2 of its levels.

You collected 53 gold pieces.

Inventory:

Missiles
 g - a throwing net
Scrolls
 b - a scroll of identify
 c - a scroll of noise
 d - a scroll of magic mapping {unknown}
Potions
 a - a potion of brilliance
 e - a potion of might
 f - a potion of heal wounds {unknown}


   Skills:
 * Level 1.5 Fighting
 - Level 2.0 Dodging
 + Level 3.8 Unarmed Combat
 * Level 2.3 Spellcasting
 * Level 2.3 Transmutations
 * Level 0.1 Invocations


You couldn't memorise any spells.
You knew the following spells:

 Your Spells              Type           Power      Damage    Failure   Level
a - Beastly Appendage     Tmut           18%        N/A       8%          1
b - Wereblood             Tmut           9%         N/A       11%         2
c - Spider Form           Tmut/Pois      5%         N/A       34%         3

Your spell library contained the following spells:

 Spells                   Type           Power      Damage    Failure   Level
 Ice Form                 Ice/Tmut       5%         N/A       75%         4


Dungeon Overview and Level Annotations

Branches:
Dungeon (2/15)

Altars:
Yredelemnul
Beogh

Annotations:
D:2 Terence


Innate Abilities, Weirdness & Mutations

One of your tentacles has grown a beastly spike.
You cannot wear most types of armour.
You are amphibious.
You can wear up to eight rings at the same time.
Your skin changes colour to match your surroundings (Stealth+).
Your rubbery body absorbs attacks. (AC +1, EV +1)
((You are camouflaged near water. (Stealth+)))
You have tentacles for arms and can constrict up to eight enemies at once.


Message History

Casting: Spider Form (extremely dangerous; 34% risk of failure)
Confirm with . or Enter, or press ? or * to list all spells.
The spell is extremely dangerous to miscast (34% risk of failure)!
Continue anyway?
You miscast Spider Form.
You are very lightly contaminated with residual magic.
Nothing appears to happen.
The endoplasm freezes you.
You are frozen.
* * * LOW HITPOINT WARNING * * *
Unknown command.
You tentacle-slap the endoplasm but do no damage.
The endoplasm hits you.
* * * LOW HITPOINT WARNING * * *
Your rat zombie bites Terence but does no damage.
You tentacle-slap the endoplasm. You squeeze the endoplasm.
The endoplasm is severely wounded.
The endoplasm hits you.
* * * LOW HITPOINT WARNING * * *
Your rat zombie bites Terence but does no damage.
Unknown command.
You tentacle-slap the endoplasm.
You feel a bit better.
You kill the endoplasm!
A black mist starts to gather...
You howl as the wereblood boils in your veins!
Terence hits your spectral endoplasm with a +0 hand axe.
Your spectral endoplasm is destroyed!
Terence hits your rat zombie with a +0 hand axe.
Your rat zombie is destroyed!
It was a potion of might.
You feel very mighty all of a sudden.
You tentacle-slap Terence but do no damage.
You grab Terence.
Terence is lightly wounded.
You constrict Terence, but do no damage.
Terence closely misses you.
You bludgeon Terence!
Terence is severely wounded.
You constrict Terence. Terence hits you with a +0 hand axe.
You die...
Your body rises from the dead as a mindless zombie.

......##.#..# .....
....... .#..#..# #..#
.#.....###..# ###
.#.#....###.####.#####
.............Z.......#
...##.#.###.####.#####
......#.###.####.#
.#.##.#.#.....).@#
.#Z##.#.#.#.####@###
.#.##...#.#........#
..............#..#.#
...###....#.###....#
.#.###....#.###....#
##...................#
.#####.......###.#####
.. #.........#.#


You could see Terence.

Vanquished Creatures
  2 dart slugs (D:1)
  5 bats
  6 endoplasms
  2 giant cockroaches
  2 goblins (D:1)
  A hobgoblin (D:1)
  4 quokkas
  3 ball pythons (D:1)
  2 frilled lizards (D:1)
  3 kobolds
  7 rats
37 creatures vanquished.

Vanquished Creatures (collateral kills)
  A rat (D:2)
1 creature vanquished.

Vanquished Creatures (others)
  A bat zombie (D:2)
  A kobold zombie (D:2)
  2 rat zombies (D:2)
  A spectral endoplasm (D:2)
5 creatures vanquished.

Grand Total: 43 creatures vanquished

Notes
Turn   | Place    | Note
-------+----------+-------------------------------------------
     0 | D:1      | ytrimaz the Octopode Transmuter began the quest for the
                  | Orb.
     0 | D:1      | Reached XP level 1. HP: 13/13 MP: 3/3
   423 | D:1      | Reached XP level 2. HP: 18/18 MP: 5/5
  1124 | D:1      | Reached XP level 3. HP: 16/23 MP: 6/6
  1127 | D:1      | Learned a level 2 spell: Wereblood
  1131 | D:1      | Learned a level 3 spell: Spider Form
  1544 | D:1      | Found a faded altar of an unknown god.
  1751 | D:1      | Prayed at the altar of an unknown god.
  1751 | D:1      | Became a worshipper of Yredelemnul the Dark
  1751 | D:1      | Reached * piety under Yredelemnul
  2109 | D:2      | Noticed Terence
  2131 | D:2      | Slain by Terence

Illustrated notes

Levels and vault maps discovered:
D:1:      dpeg_arrival_more_subterranean_lakeside_camping, layout_basic,
          hellmonk_ecumenical_altar_defaced_shrine, roderic_nine_men_s_morris
D:2:      minmay_evil_eye, layout_basic, serial_shops, shop, uniq_terence

Action                   || total
-------------------------++-------
Melee: Unarmed           ||    89
       Constrict         ||    24
       Tentacles         ||    15
       Punch             ||     2
       Kick              ||     5
 Cast: Beastly Appendage ||     3
       Wereblood         ||     2
Invok: Recall Undead Har ||     1
  Use: Scroll            ||     4
       Potion            ||     1
 Stab: Sleeping          ||     7
       Distracted        ||     1
Armor: Skin              ||     5
Dodge: Dodged            ||    44

Table legend: (Time is in decaauts)
 A = Elapsed time spent in this place.
 B = Non-inter-level travel time spent in this place.
 C = Inter-level travel time spent in this place.
 D = Time resting spent in this place.
 E = Time spent auto-exploring this place.
 F = Levels seen in this place.
 G = Mean time per level.
                   A        B        C        D        E       F      G
               +--------+--------+--------+--------+--------+-----+--------+
         Total |   2124 |   2050 |     74 |    173 |   1591 |   2 | 1062.0 |
       Dungeon |   2124 |   2050 |     74 |    173 |   1591 |   2 | 1062.0 |
               +--------+--------+--------+--------+--------+-----+--------+

Top non-repeatable levels by time:
     D:1: 1759 daAuts
     D:2: 365 daAuts
